 Dungeon Crawl Stone Soup version 0.28-a0-724-g66f9036eb4 (webtiles) character file.

Game seed: 11272698715276515235

1223 kae the Cleaver (level 8, -5/71 HPs)
             Began as a Hill Orc Cinder Acolyte on Oct 26, 2021.
             Was a High Priest of Ignis.
             Slain by a gnoll (7 damage)
             ... on level 5 of the Dungeon.
             The game lasted 00:05:02 (8080 turns).

kae the Cleaver (Hill Orc Cinder Acolyte)           Turns: 8080, Time: 00:05:03

Health: -5/71      AC:  5    Str: 14 (17) XL:     8   Next: 47%
Magic:  4/13       EV: 11    Int: 13 (16) God:    Ignis [*****.]
Gold:   169        SH:  5    Dex:  4 (6)  Spells: 11/13 levels left

rFire   + . .      SeeInvis .   a - +0 hand axe (flame)
rCold   . . .      Faith    .   (no shield)
rNeg    . . .      Spirit   .   b - +0 robe
rPois   .          Reflect  +   h - +2 hat
rElec   .          Harm     .   (no cloak)
rCorr   +          Rampage  .   g - +0 pair of gloves
Will    .....                   (no boots)
Stlth   +.........              o - amulet of reflection
HPRegen 0.21/turn               j - ring of resist corrosion
MPRegen 0.13/turn               (no ring)

@: lethally poisoned (-5 -> -7)
A: no striking features
a: Renounce Religion, Sea of Fire, Foxfire Swarm, Rising Flame


You were on level 5 of the Dungeon.
You worshipped Ignis.
Ignis was extremely pleased with you.
You visited 1 branch of the dungeon, and saw 6 of its levels.

You collected 202 gold pieces.
You spent 33 gold pieces at shops.

Inventory:

Hand Weapons
 a - a +0 hand axe of flaming (weapon)
Missiles
 c - a throwing net (quivered)
Armour
 b - a +0 robe (worn)
 g - a +0 pair of gloves (worn)
 h - a +2 hat (worn)
Jewellery
 j - a ring of resist corrosion (left hand)
 o - an amulet of reflection (around neck)
Wands
 n - a wand of iceblast (4)
 r - a wand of mindburst (8)
Scrolls
 e - 2 scrolls of enchant weapon
 p - a scroll of enchant armour {unknown}
 q - a scroll of amnesia
Potions
 d - a potion of brilliance
 f - 2 potions of magic
 i - a potion of ambrosia {unknown}
 k - a potion of resistance
 l - a potion of curing {unknown}
 m - a potion of lignification
 t - a potion of might {unknown}


   Skills:
 + Level 6.4 Fighting
 * Level 9.1 Axes
 + Level 3.3 Spellcasting
 + Level 5.8 Fire Magic


You had 11 spell levels left.
You knew the following spells:

 Your Spells              Type           Power      Damage    Failure   Level
a - Scorch                Fire           34%        2d6       3%          2

Your spell library contained the following spells:

 Spells                   Type           Power      Damage    Failure   Level
 Dazzling Flash           Conj/Hex       4%         N/A       54%         3
 Iskenderun's Mystic Bla  Conj/Tloc      2%         2d3       91%         4
 Summon Ice Beast         Ice/Summ       2%         N/A       91%         4
 Summon Mana Viper        Hex/Summ       2%         N/A       99%         5
 Starburst                Conj/Fire      4%         6d4       100%        6
 Monstrous Menagerie      Summ           1%         N/A       100%        7


Dungeon Overview and Level Annotations

Branches:
Dungeon (6/15)
 Temple: D:4-7

Altars:
Uskayaw
Yredelemnul
Zin

Shops:
D:4 =(*

Annotations:
D:2 1 runed translucent door, Crazy Yiuf
D:4 3 runed translucent doors, Tribosh's ghost, novice FoFi
D:5 3 runed translucent doors, bmj180's ghost, novice MiFi


Message History

Confirm with . or Enter, or press ? or * to list all spells.
Flames lash the gnoll.
The gnoll is heavily wounded.
The gnoll's fire resistance burns away.
You feel very sick. The gnoll barely misses you.
The gnoll shaman hits you with a +0 whip.
You block the gnoll's attack.
The gnoll hits you from afar with a +0 spear. x2
You feel sick.
The gnoll is no longer more vulnerable to fire.
You block the gnoll's attack. The gnoll barely misses you.
The gnoll shaman barely misses you.
The gnoll hits you from afar with a +0 spear.
You block the gnoll's attack.
The gnoll hits you from afar with a +0 spear!
* * * LOW HITPOINT WARNING * * *
You feel sick.
The gnoll shaman calls upon its god to heal the gnoll.
The gnoll is healed somewhat.
The gnoll hits you from afar with a +0 spear.
* * * LOW HITPOINT WARNING * * *
The gnoll hits you with a +0 flail of venom.
* * * LOW HITPOINT WARNING * * *
The gnoll hits you from afar with a +0 spear.
* * * LOW HITPOINT WARNING * * *
You block the gnoll's attack.
You climb upwards.
Level annotation: 3 runed translucent doors, bmj180's ghost, novice MiFi
* * * LOW HITPOINT WARNING * * *
You feel sick.
There is a stone staircase leading down here.
It was a potion of degeneration.
There was something very wrong with that liquid.
You feel weakened.
You feel dopey.
You feel clumsy.
* * * LOW HITPOINT WARNING * * *
You feel sick. You block the gnoll's attack.
The gnoll shaman closely misses you.
The gnoll hits you with a +0 flail of venom!
You die...

#.#.#.#<.### #.#)..
#.#........# #.##..
#.#......#.## #.##..
#.#.#.......# #.##..
#.#.#.......# #.##..
#.#.#.......###.####
#.#.................
#.#g#.####.####.####
#.#@................
#.#g#########.#.####
#####.#...........#.####
#.................#.....
#.###.###########.#.....
#.# #.######......#.....
#.# #...........###.....
#.# #########.#.# #.....
#.# #########.....


You could see a gnoll shaman and a gnoll (fast).

Vanquished Creatures
  Sigmund (D:2)
  Eustachio (D:4)
  A necrophage (D:4)
  4 scorpions (D:4)
  2 wights (D:4)
  A howler monkey (D:5)
  A human zombie (D:4)
  A centaur zombie (D:4)
  A centaur skeleton (D:5)
  2 hounds (D:4)
  An iguana (D:4)
  2 orc wizards
  Ijyb (D:4)
  A scorpion zombie (D:4)
  A hound zombie (D:4)
  2 mummies (D:4)
  Robin (D:1)
  A gnoll (D:6)
  A howler monkey skeleton (D:5)
  4 adders
  3 adder zombies (D:4)
  2 adder skeletons (D:4)
  A worm (D:4)
  2 dart slugs (D:4)
  13 orcs
  6 ball pythons
  7 endoplasms
  4 giant cockroaches
  16 goblins
  6 hobgoblins
  A jackal (D:4)
  3 kobolds
  3 quokkas
  2 bats (D:2)
  3 frilled lizards
  3 rats
105 creatures vanquished.

Notes
Turn   | Place    | Note
-------+----------+-------------------------------------------
     0 | D:1      | kae the Hill Orc Cinder Acolyte began the quest for the
                  | Orb.
     0 | D:1      | Reached XP level 1. HP: 19/19 MP: 2/2
   649 | D:1      | Reached XP level 2. HP: 27/27 MP: 3/3
  1063 | D:1      | Found a faded altar of an unknown god.
  1409 | D:2      | Noticed Robin
  1430 | D:1      | Killed Robin
  1431 | D:1      | Reached XP level 3. HP: 29/33 MP: 4/4
  2257 | D:2      | Noticed Sigmund
  2561 | D:2      | Reached skill level 5 in Axes
  2561 | D:2      | Reached XP level 4. HP: 35/40 MP: 6/6
  2564 | D:2      | Learned a level 2 spell: Scorch
  3566 | D:3      | Reached XP level 5. HP: 46/47 MP: 4/7
  3595 | D:3      | Found a hide-covered altar of Uskayaw.
  3862 | D:2      | Killed Sigmund
  3863 | D:2      | Reached skill level 6 in Axes
  3863 | D:2      | Reached XP level 6. HP: 48/55 MP: 2/9
  4038 | D:2      | Found a runed translucent door.
  4039 | D:2      | Noticed Crazy Yiuf
  4229 | D:4      | Noticed Eustachio
  4272 | D:4      | Killed Eustachio
  4273 | D:4      | Reached skill level 5 in Fighting
  4511 | D:4      | Found Qucoluer's General Store.
  4519 | D:4      | Bought a potion of lignification for 33 gold pieces
  4550 | D:4      | Reached skill level 7 in Axes
  4550 | D:4      | Reached XP level 7. HP: 61/61 MP: 2/10
  4947 | D:4      | Reached skill level 5 in Fire Magic
  5090 | D:4      | Noticed Ijyb
  5101 | D:4      | Killed Ijyb
  5415 | D:4      | Reached skill level 8 in Axes
  5553 | D:4      | Found a basalt altar of Yredelemnul.
  5563 | D:4      | Reached XP level 8. HP: 65/69 MP: 2/12
  5968 | D:4      | Found Okhlan's Weapon Shoppe.
  6213 | D:4      | Found Efaasch's Jewellery Shoppe.
  6297 | D:4      | Found a runed translucent gate.
  6298 | D:4      | Found a runed translucent gate.
  6299 | D:4      | Found a runed translucent gate.
  6603 | D:4      | Noticed Tribosh's ghost (novice FoFi)
  6763 | D:4      | Found a glowing silver altar of Zin.
  6884 | D:5      | Entered Level 5 of the Dungeon
  6927 | D:5      | Reached skill level 9 in Axes
  7124 | D:5      | Found a runed translucent gate.
  7124 | D:5      | Found a runed translucent gate.
  7124 | D:5      | Found a runed translucent gate.
  7126 | D:5      | Noticed bmj180's ghost (novice MiFi)
  8079 | D:5      | HP: 3/71 [poisoned by a gnoll]
  8080 | D:5      | Slain by a gnoll

Illustrated notes

Levels and vault maps discovered:
D:1:      dpeg_arrival_ternary, layout_rooms, serial_co_window_serial,
          co_window_paths_a, co_window_corner_a, co_window_paths_a,
          co_window_corner_a, co_window_of_opportunity_a, co_window_broadway_c,
          co_window_broadway_b, co_window_of_opportunity_b, co_window_cross_3,
          co_window_corner_b, co_window_paths_e, co_window_sun, glass_columns_b,
          glass_columns_a, shapermc_ecumenical_altar_hornbeckon
D:2:      layout_basic, uniq_crazy_yiuf_cottage, uniq_sigmund, uniq_robin
D:3:      layout_basic, marbit_many_paths
D:4:      minmay_chambers_of_twos, layout_basic,
          lemuel_mausoleum_altar_yredelemnul, zin_treasury, gammafunk_ghost_icy,
          serial_shops, nicolae_shop_window_shopping,
          nicolae_inconvenience_store, kennysheep_mini_moat, uniq_eustachio,
          uniq_ijyb
D:5:      layout_basic, ebering_ghost_rock_garden
D:6:      gammafunk_steamed_eel, layout_basic, mainiacjoe_overflow_tiny_flanked,
          minmay_temple_entry_gardened_gates, minmay_misc_feat_pillars,
          minmay_misc_feat_encased, uniq_prince_ribbit1

Skill      XL: |  1  2  3  4  5  6  7  8 |
---------------+-------------------------+-----
Fighting       | 4 5 6 |  6.4
Axes           | 5 6 7 8 9 |  9.1
Fire Magic     | 4 5 |  5.8
Spellcasting   | 2 3 |  3.3

Action                   |  1- 3 |  4- 6 |  7- 9 || total
-------------------------+-------+-------+-------++-------
Melee: Hand axe          |    97 |    58 |    55 ||   210
 Cast: Scorch            |       |    27 |    97 ||   124
  Use: Scroll            |     6 |     3 |       ||     9
       Potion            |       |       |     1 ||     1
 Stab: Sleeping          |       |     1 |       ||     1
Armor: Robe              |    33 |    31 |    48 ||   112
Dodge: Dodged            |    63 |    43 |    84 ||   190
Block: Other             |       |       |    14 ||    14
       Reflection        |       |       |     1 ||     1

Table legend: (Time is in decaauts)
 A = Elapsed time spent in this place.
 B = Non-inter-level travel time spent in this place.
 C = Inter-level travel time spent in this place.
 D = Time resting spent in this place.
 E = Time spent auto-exploring this place.
 F = Levels seen in this place.
 G = Mean time per level.
                   A        B        C        D        E       F      G
               +--------+--------+--------+--------+--------+-----+--------+
         Total |   8093 |   7873 |    220 |    894 |   6026 |   6 | 1348.8 |
       Dungeon |   8093 |   7873 |    220 |    894 |   6026 |   6 | 1348.8 |
               +--------+--------+--------+--------+--------+-----+--------+

Top non-repeatable levels by time:
     D:4: 2596 daAuts
     D:1: 1910 daAuts
     D:3: 1218 daAuts
     D:5: 1180 daAuts
     D:2: 1175 daAuts
     D:6: 12 daAuts
